 Dungeon Sprint DCSS version 0.31-a0-844-gdc52ec4e09 (webtiles) character file.

Game seed: 11094777559693698663

989 sircluck the Grappler (level 7, -5/83 HPs)
             Began as a Troll Berserker on Sept 29, 2023.
             Was a Priest of Trog.
             Slain by a redback (9 damage)
             ... in the Dungeon (Sprint VII: "The Pits").
             The game lasted 00:00:33 (134 turns).

sircluck the Grappler (Troll Berserker)              Turns: 134, Time: 00:00:33

Health: -5/83      AC:  4    Str: 28    XL:     7   Next: 98%
Magic:  6/6        EV: 12    Int:  3    God:    Trog [***...]
Gold:   0          SH:  0    Dex:  9    Spells: 6/6 levels left

rFire   . .          .
                       - Unarmed
rCold   . . .        (no shield)
rNeg    . . .        a - +0 animal skin
rPois   .            (helmet restricted)
rElec   .            (no cloak)
rCorr   .            (gloves unavailable)
SInv    .            (boots unavailable)
Will    .....        (no amulet)
Stlth   +            (no ring)
HPRegen 1.13/turn    (no ring)
MPRegen 0.10/turn

%: no teleportation
@: lethally poisoned (-5 -> -26)
A: large, unfitting armour, claws 3, regeneration 1, shaggy fur 1, tough skin 1
a: Renounce Religion, Berserk, Trog's Hand


You were in the Dungeon.
You worshipped Trog.
Trog was most pleased with you.
You visited 1 branch

Inventory:

Armour
 a - a +0 animal skin (worn)
Scrolls
 g - a scroll of blinking
Potions
 b - a potion of curing
 c - a potion of heal wounds
 d - a potion of haste
 e - 2 potions of magic
 f - a potion of berserk rage


   Skills:
 + Level 9.0 Fighting
 + Level 8.9 Dodging
 + Level 10.5 Unarmed Combat


You had 6 spell levels left.
You didn't know any spells.
Your spell library was empty.

Dungeon Overview and Level Annotations

Branches:
Dungeon (1/1)

Altars:


Innate Abilities, Weirdness & Mutations

You are too large for most types of armour.
You have claws for hands.
Your natural rate of healing is unusually fast.
You are covered in fur. (AC +1)
You have tough skin. (AC +1)


Message History

The redback bites you.
You mangle the shadow!!
The shadow is almost destroyed.
The redback barely misses you. The orc misses you. The shadow hits you.
The snapping turtle closely misses you.
You completely miss the shadow. Your claw misses the shadow.
The shadow is almost destroyed.
The redback bites you.
The shadow slips into darkness.
The shadow flickers and vanishes!
Deactivating autopickup; reactivate with Ctrl-A.
The orc hits you but does no damage. The snapping turtle closely misses you.
You closely miss the redback. The redback bites you.
The orc hits you with a +0 club. The snapping turtle barely misses you.
The shadow strikes at you from the darkness!
Reactivating autopickup.
You scratch the shadow but do no damage.
The shadow is almost destroyed.
The redback bites you! The redback completely misses you.
You mangle the shadow!!
You destroy the shadow!
Trog accepts your kill. The orc closely misses you.
The snapping turtle bites you from afar.
The redback bites you!
Your Fighting skill increases to level 9!
You are too injured to fight recklessly!
You are too injured to fight recklessly!
The redback attacks as it pursues you! The redback bites you!
* * * LOW HITPOINT WARNING * * *
You are lethally poisoned!
The redback poisons you! The orc misses you.
The snapping turtle attacks as it pursues you!
The snapping turtle bites you from afar!
* * * LOW HITPOINT WARNING * * *
Items here: ( ))) [[ ††.
* * * LOW HITPOINT WARNING * * *
You feel extremely sick. The redback bites you!
You die...

.......##''#########
.......##..........#
.......##..........+
...<...##..#####...#
.......##..+ #...
.......##..# #o.
.......##..# #o#####
#########..#####)st..#
#....†..@#...+
#........#...#
##+###...#...#
+...#+### #.....
#....... #########


You could see a snapping turtle, a redback and 2 orcs.

Vanquished Creatures
  A lindwurm (D)
  An efreet (D)
  A shadow (D)
  An ice beast (D)
  A kobold brigand (D)
  3 orcs (D)
  A rat (D)
9 creatures vanquished.

Notes
Turn   | Place    | Note
-------+----------+-------------------------------------------
     0 | D        | sircluck the Troll Berserker began the quest for the Orb.
     0 | D        | Reached XP level 1. HP: 22/22 MP: 0/0
    12 | D        | Noticed an efreet
    12 | D        | Noticed an ice beast
    19 | D        | Killed an efreet
    20 | D        | Reached skill level 7 in Unarmed Combat
    20 | D        | Reached XP level 2. HP: 22/37 MP: 1/1
    20 | D        | Reached XP level 3. HP: 27/45 MP: 2/2
    20 | D        | Reached XP level 4. HP: 32/53 MP: 3/3
    20 | D        | Reached XP level 5. HP: 37/61 MP: 4/4
    22 | D        | Killed an ice beast
    23 | D        | Reached skill level 8 in Unarmed Combat
    23 | D        | Reached XP level 6. HP: 45/71 MP: 5/5
    67 | D        | Noticed a lindwurm
    75 | D        | Killed a lindwurm
    75 | D        | Reached ** piety under Trog
    76 | D        | Reached skill level 10 in Unarmed Combat
    76 | D        | Reached XP level 7. HP: 81/81 MP: 6/6
   114 | D        | Noticed a shadow
   124 | D        | Reached *** piety under Trog
   126 | D        | Noticed a snapping turtle
   126 | D        | Noticed a redback
   132 | D        | Killed a shadow
   134 | D        | HP: 4/83 [poisoned by a redback]
   134 | D        | Slain by a redback

Illustrated notes

Levels and vault maps discovered:
D:        pitsprint [storerooms_1, entrance_room_1, metal_vault_8, armoury_1,
          mini_pit_1, grid_room_1, main_hall_1, silver_pit, the_coven_2,
          the_vestibule_1, steel_vault_2, golden_pit, hallway_of_sentries,
          crystal_vault_2, iron_vault_1, final_vault]

Skill      XL: |  1  2  3  4  5  6  7 |
---------------+----------------------+-----
Fighting       | 6 7 8 9 |  9.0
Dodging        | 6 7 8 |  8.9
Unarmed Combat | 7 8 10 | 10.5

Action                     |  1- 3 |  4- 6 |  7- 9 || total
---------------------------+-------+-------+-------++-------
  Melee: Unarmed           |     4 |     5 |    20 ||    29
 Invoke: Berserk           |     1 |     1 |       ||     2
 Armour: Animal skin       |     1 |     5 |    21 ||    27
  Dodge: Dodged            |     1 |     6 |    20 ||    27

Table legend: (Time is in decaauts)
 A = Elapsed time spent in this place.
 B = Non-inter-level travel time spent in this place.
 C = Inter-level travel time spent in this place.
 D = Time resting spent in this place.
 E = Time spent auto-exploring this place.
 F = Levels seen in this place.
 G = Mean time per level.
                   A        B        C        D        E       F      G
               +--------+--------+--------+--------+--------+-----+--------+
         Total |    149 |    149 |      0 |     87 |     12 |   1 |  149.0 |
       Dungeon |    149 |    149 |      0 |     87 |     12 |   1 |  149.0 |
               +--------+--------+--------+--------+--------+-----+--------+

Top non-repeatable levels by time:
       D: 149 daAuts
